 Dungeon Crawl Stone Soup version 0.30-a0-948-g4fa250aae5 (webtiles) character file.

Game seed: 10477717764181474914

51 Iniera the Ruffian (level 3, -1/19 HPs)
             Began as a Vine Stalker Fighter on Mar 27, 2023.
             Killed by nerve-wracking pain
             ... invoked by Grinder
              (7 damage)
             ... on level 3 of the Dungeon.
             The game lasted 00:01:51 (1361 turns).

Iniera the Ruffian (Vine Stalker Fighter)           Turns: 1361, Time: 00:01:52

Health: -1/19      AC:  7    Str: 20    XL:     3   Next: 83%
Magic:  0/4        EV:  9    Int:  8    God:
Gold:   109        SH:  4    Dex: 13    Spells: 2/2 levels left

rFire   . . .      SeeInvis .      - Unarmed
rCold   . . .      Faith    .    b - +0 buckler
rNeg    . . .      Spirit   +    a - +0 scale mail
rPois   .          Reflect  .    (no helmet)
rElec   .          Rampage  .    (no cloak)
rCorr   .                        (no gloves)
Will    .....                    i - +0 pair of boots Stlth
                                 f - amulet of the acrobat
HPRegen 0.23/turn                (no ring)
MPRegen 0.09/turn                (no ring)

@: no status effects
A: fangs 2, magic shield, antimagic bite, no potion heal 2
a: no special abilities


You were on level 3 of the Dungeon.
You visited 1 branch of the dungeon, and saw 3 of its levels.

You collected 109 gold pieces.

Inventory:

Armour
 a - a +0 scale mail (worn)
 b - a +0 buckler (worn)
 i - a +0 pair of boots (worn)
Jewellery
 f - an amulet of the acrobat (around neck)
 q - an amulet of reflection
Scrolls
 d - a scroll of poison {unknown}
 e - a scroll of brand weapon {unknown}
 g - a scroll of teleportation {unknown}
 h - a scroll of immolation {unknown}
 j - 3 scrolls of identify {unknown}
 l - a scroll of torment {unknown}
 n - a scroll of fear {unknown}
 o - a scroll of magic mapping {unknown}
Potions
 c - a potion of might
 k - 3 potions of curing {unknown}
 m - 2 potions of attraction {unknown}
 p - a potion of ambrosia {unknown}


   Skills:
 - Level 2.6 Fighting
 - Level 2.4 Armour
 - Level 2.6 Shields
 * Level 4.0 Unarmed Combat


You had 2 spell levels left.
You didn't know any spells.
Your spell library was empty.

Dungeon Overview and Level Annotations

Branches:
Dungeon (3/15)

Altars:

Annotations:
D:3 Grinder


Innate Abilities, Weirdness & Mutations

You have extremely sharp teeth.
When hurt, damage is shared between your health and your magic reserves.
Your bite disrupts and absorbs the magic of your enemies.
Potions cannot restore your health.


Message History

The quokka is severely wounded.
The quokka bites you.
You hit the quokka.
You kill the quokka!
k - 3 murky orange potions (gained 1)
q - an amulet of reflection Done exploring.
No target in view!
No target in view!
No target in view!
Done exploring.
Done exploring.
No target in view!
(D) Dungeon
Where to? (Enter - D:2, ? - help)
You see here a +0 dagger.
There is a stone staircase leading down here.
You climb downwards.
Found a stone staircase leading down.
There is a stone staircase leading up here.
Grinder and a kobold come into view.
The kobold shouts!
There are monsters nearby!
You hit Grinder.
Grinder is lightly wounded.
Grinder gestures at you. Pain shoots through your body!
You hit Grinder but do no damage. Your bite misses Grinder.
Grinder is lightly wounded.
You block the kobold's attack. Grinder gestures at you.
Pain shoots through your body!
You barely miss Grinder. Your bite misses Grinder.
Grinder is lightly wounded.
You hit the kobold. Your bite misses the kobold.
The kobold is severely wounded.
The kobold hits you with a +0 club. Grinder gestures at you.
Pain shoots through your body!
You die...

# ... ....... ..
##.# ....... ...
..# .......
....###.# .......
......#.##.......
.........>.......
#..<.........
#####........
+.5@.....###.
#.K......#
............#
.............#
.............#
##...........#
#....########
#....


You could see Grinder and a kobold.

Vanquished Creatures
  An adder (D:2)
  A worm (D:2)
  3 dart slugs
  3 endoplasms
  2 goblins (D:1)
  5 hobgoblins (D:1)
  2 jackals (D:2)
  6 kobolds (D:1)
  2 quokkas
  A ball python (D:1)
  3 bats
  2 frilled lizards (D:1)
  2 rats
33 creatures vanquished.

Vanquished Creatures (others)
  A plant (D:1)
1 creature vanquished.

Grand Total: 34 creatures vanquished

Notes
Turn   | Place    | Note
-------+----------+-------------------------------------------
     0 | D:1      | Iniera the Vine Stalker Fighter began the quest for the
                  | Orb.
     0 | D:1      | Reached XP level 1. HP: 11/11 MP: 2/2
   116 | D:1      | Reached XP level 2. HP: 13/16 MP: 3/3
   230 | D:1      | Reached skill level 3 in Unarmed Combat
   319 | D:1      | Reached XP level 3. HP: 10/19 MP: 2/4
  1231 | D:2      | Reached skill level 4 in Unarmed Combat
  1355 | D:3      | Noticed Grinder
  1361 | D:3      | Killed from afar by Grinder

Illustrated notes

Levels and vault maps discovered:
D:1:      spicycebolla_arrival_risky_transporter, layout_rooms, serial_forest,
          infiniplex_forest_clump_large, infiniplex_forest_lined_room_,
          infiniplex_forest_clump_medium, infiniplex_forest_clump_cross,
          infiniplex_forest_lined_ring, infiniplex_forest_clump_tiny,
          infiniplex_forest_clump_small, infiniplex_forest_straight_3,
          infiniplex_forest_straight_4, due_unseen_surprise
D:2:      layout_loops_ring, roderic_serpentine_path
D:3:      layout_basic, old_standard_altar, mainiacjoe_overflow_tiny_flanked,
          uniq_terence, uniq_grinder

Skill      XL: |  1  2  3 |
---------------+----------+-----
Unarmed Combat | 3 4 |  4.0
Fighting       | |  2.6
Armour         | |  2.4
Shields        | |  2.6

Action                     || total
---------------------------++-------
  Melee: Unarmed           ||   111
         Bite              ||    32
 Armour: Scale mail        ||    35
  Dodge: Dodged            ||    40
  Block: Buckler           ||    21

Table legend: (Time is in decaauts)
 A = Elapsed time spent in this place.
 B = Non-inter-level travel time spent in this place.
 C = Inter-level travel time spent in this place.
 D = Time resting spent in this place.
 E = Time spent auto-exploring this place.
 F = Levels seen in this place.
 G = Mean time per level.
                   A        B        C        D        E       F      G
               +--------+--------+--------+--------+--------+-----+--------+
         Total |   1359 |   1307 |     52 |      7 |   1062 |   3 |  453.0 |
       Dungeon |   1359 |   1307 |     52 |      7 |   1062 |   3 |  453.0 |
               +--------+--------+--------+--------+--------+-----+--------+

Top non-repeatable levels by time:
     D:2: 698 daAuts
     D:1: 652 daAuts
     D:3: 8 daAuts
